 Dungeon Crawl Stone Soup version 0.18.1-50-g88ac8fd (webtiles) character file.

11764 go0n the Cleaver (level 11, 0/102 HPs)
             Began as a Minotaur Fighter on Sept 22, 2016.
             Was a High Priest of Okawaru.
             Killed from afar by an efreet (24 damage)
             ... with a fireball
             ... on level 11 of the Dungeon.
             The game lasted 00:35:20 (9376 turns).

go0n the Cleaver (Minotaur Fighter)                 Turns: 9376, Time: 00:35:21

Health: 0/102      AC: 11    Str: 38      XL:     11   Next: 53%
Magic:  19/19      EV: 17    Int:  8 (9)  God:    Okawaru [*****.]
Gold:   529        SH:  0    Dex: 10      Spells: 0 memorised, 10 levels left

rFire  . . .     SeeInvis .     D - +10 battleaxe "Ogrebane" {chop, rC+ Str+7}
rCold  + + .     Gourm    .     b - +2 leather armour "Piexik" {MR+ MP+9 Slay+3}
rNeg   . . .     Faith    .     (shield currently unavailable)
rPois  .         Spirit   .     t - +2 hat
rElec  .         Dismiss  .     m - +0 cloak {MR+}
rCorr  .         Reflect  .     s - +2 pair of gloves
SustAt .         Harm     .     d - +0 pair of boots (curse)
MR     +++..                    g - amulet of rage
Stlth  +.........               z - ring of protection from magic
                                B - ring of protection from cold

@: mighty, extremely resistant to hostile enchantments, very unstealthy
A: retaliatory headbutt, horns 2, clever 2, deformed body, deterioration 1,
screaming 1, strong 1
a: Heroism, Finesse, Renounce Religion, Evoke Berserk Rage


You were on level 11 of the Dungeon.
You worshipped Okawaru.
Okawaru was extremely pleased with you.
You were not hungry.

You visited 2 branches of the dungeon, and saw 12 of its levels.

You collected 724 gold pieces.
You spent 195 gold pieces at shops.

Inventory:

Hand Weapons
 D - the +10 battleaxe "Ogrebane" (weapon) {chop, rC+ Str+7}
   (You bought it in a shop on level 4 of the Dungeon)

   It inflicts extra damage upon your enemies.
   It affects your strength (+7).
   It protects you from cold.
 H - a +0 vampiric war axe
 U - a +2 hand axe of flaming
Missiles
 x - 19 tomahawks (quivered)
Armour
 b - the +2 leather armour "Piexik" (worn) {MR+ MP+9 Slay+3}
   (You found it on level 7 of the Dungeon)

   It affects your accuracy and damage with ranged weapons and melee attacks
   (+3).
   It affects your resistance to hostile enchantments.
   It affects your magic capacity (+9).
 c - a +0 shield
 d - a cursed +0 pair of boots (worn)
 m - a +0 cloak of magic resistance (worn)
 s - a +2 pair of gloves (worn)
 t - a +2 hat (worn)
 w - a +0 cloak
 F - the +0 leather armour of Joegh {Str+4}
   (You found it on level 4 of the Dungeon)

   It affects your strength (+4).
Jewellery
 g - an amulet of rage (around neck)
 z - a ring of protection from magic (right hand)
 B - a ring of protection from cold (left hand)
 I - an uncursed ring of protection from cold
Wands
 f - a wand of random effects (40/48)
 q - a wand of teleportation (5/9)
 u - a wand of lightning (11/15)
 y - a wand of flame (11/48)
 C - a wand of disintegration (16/24)
 G - a wand of slowing (21/48)
 L - a wand of digging (11/24)
 O - a wand of confusion (23/48)
 P - a wand of acid (8/15)
 S - a wand of flame (20/48)
Scrolls
 e - 8 scrolls of identify
 i - 2 scrolls of enchant armour
 v - 3 scrolls of enchant weapon
 J - 2 scrolls of amnesia
 Q - a scroll of magic mapping
 R - 3 scrolls of teleportation
 T - a scroll of remove curse
Potions
 n - 2 potions of flight
 V - a potion of magic {unknown}
Books
 a - a book of Power

   Spells                             Type                      Level
   a - Fulminant Prism                Conjuration/Hexes            4
   b - Iskenderun's Mystic Blast      Conjuration                  4
   c - Venom Bolt                     Conjuration/Poison           5
   d - Bolt of Magma                  Conjuration/Fire/Earth       5
   e - Iron Shot                      Conjuration/Earth            6
   f - Orb of Destruction             Conjuration                  7
   g - Spellforged Servitor           Conjuration/Summoning        7
 j - a book of the Earth

   Spells                             Type                      Level
   a - Leda's Liquefaction            Hexes/Earth                  4
   b - Bolt of Magma                  Conjuration/Fire/Earth       5
   c - Statue Form                    Transmutation/Earth          6
   d - Iron Shot                      Conjuration/Earth            6
   e - Shatter                        Earth                        9
 k - a book of Clouds

   Spells                             Type                      Level
   a - Mephitic Cloud                 Conjuration/Poison/Air       3
   b - Conjure Flame                  Conjuration/Fire             3
   c - Poisonous Cloud                Conjuration/Poison/Air       6
   d - Freezing Cloud                 Conjuration/Ice/Air          6
   e - Ring of Flames                 Charms/Fire                  7
 o - a book of Enchantments

   Spells                             Type                      Level
   a - Cause Fear                     Hexes                        4
   b - Yara's Violent Unravelling     Hexes/Transmutation          5
   c - Silence                        Hexes/Air                    5
   d - Deflect Missiles               Charms/Air                   6
   e - Haste                          Charms                       6
   f - Discord                        Hexes                        8
 p - a book of Death

   Spells                             Type                      Level
   a - Corpse Rot                     Necromancy                   2
   b - Sublimation of Blood           Necromancy                   2
   c - Agony                          Necromancy                   5
   d - Dispel Undead                  Necromancy                   5
   e - Excruciating Wounds            Charms/Necromancy            5
   f - Bolt of Draining               Conjuration/Necromancy       5
Miscellaneous
 K - a plain deck of wonders
Comestibles
 l - 2 meat rations
 r - 8 beef jerkies
 A - 11 bread rations
 E - 3 slices of pizza
 M - 4 fruits
 N - 2 chunks of flesh


   Skills:
 + Level 11.0 Fighting
 + Level 12.9 Axes
 - Level 3.7 Armour
 * Level 12.3 Dodging
 - Level 5.5 Shields


You had 10 spell levels left.
You didn't know any spells.

Dungeon Overview and Level Annotations

Branches:
Dungeon (11/15)            Temple (1/1) D:6
   Lair: D:8-11         Orc: D:9-12

Altars:
Ashenzari
Cheibriados
Dithmenos
Elyvilon
Fedhas
Gozag
Kikubaaqudgha
Makhleb
Nemelex Xobeh
Okawaru
Pakellas
Qazlal
Ru
Sif Muna
Trog
Vehumet
Xom
Yredelemnul
Zin
The Shining One

Shops:
D:4 (


Innate Abilities, Weirdness & Mutations

You reflexively headbutt those who attack you in melee.
You have a pair of horns on your head.
Your mind is very acute. (Int +4)
Armour fits poorly on your strangely shaped body.
Your body sometimes deteriorates upon taking damage.
You occasionally shout uncontrollably at your foes.
Your muscles are strong. (Str +2)


Message History

Okawaru accepts your kill.
Your Fighting skill increases to level 11!
The yak gores you! The efreet gestures at you. The bolt of fire hits you!
You slash the yak! You headbutt the yak.
The yak is heavily wounded.
The yak gores you!
* * * LOW HITPOINT WARNING * * *
A scorpion comes into view.
You hit the yak. You headbutt the yak!
You kill the yak!
Okawaru accepts your kill.
Drink which item? (? for menu, Esc to quit)
You can't drink that!
Drink which item? (? for menu, Esc to quit)
You feel very mighty all of a sudden. The efreet gestures at you.
The fireball explodes!
The fireball engulfs you!
You die...

........#
###.....#
#.....# #.....#
#..§..########
#...§........##
#....R....?....
#......†.......
#....††@.......
#..............
#..............
#..............
#.....#######..
#.....# .
#..s.. #.....


You could see an efreet and a scorpion.

Vanquished Creatures
  Harold (D:11)
  Erica (D:11)
  The ghost of bananaglory the Quickloader, a novice TeHu of Cheibriados (D:11)
  A hill giant (D:10)
  Joseph (D:8)
  The ghost of Zekeros1 the Ruffian, a novice MiMo of Dithmenos (D:5)
  Maurice (D:8)
  Psyche (D:8)
  2 trolls
  2 two-headed ogres
  Grinder (D:6)
  12 yaks
  A hungry ghost (D:10)
  A hippogriff (D:10)
  A mottled dragon (D:11)
  Duvessa (D:6)
  A water moccasin (D:9)
  2 sky beasts
  4 orc warriors
  3 ice beasts
  2 necrophages
  A black bear (D:9)
  2 phantoms
  A wasp (D:10)
  6 ogres
  2 centaurs
  A big kobold (D:7)
  5 giant frogs
  Dowan (D:6)
  2 scorpions
  3 wights (D:8)
  5 crimson imps
  2 centaur zombies
  2 giant frog zombies
  7 hounds
  3 jellies
  5 orc priests
  Crazy Yiuf (D:2)
  9 orc wizards
  A centaur skeleton (D:8)
  A giant frog skeleton (D:5)
  Jessica (D:3)
  An iguana (D:4)
  7 worker ants
  A killer bee zombie (D:11)
  A hound zombie (D:8)
  A hound skeleton (D:4)
  A worker ant zombie (D:5)
  Robin (D:2)
  A howler monkey skeleton (D:4)
  11 gnolls
  13 adders
  5 shadow imps
  3 oozes
  3 adder zombies
  4 adder skeletons
  2 worms
  A dart slug (D:2)
  5 giant geckos
  39 orcs
  A bat (D:2)
  5 giant cockroaches
  7 goblins
  7 hobgoblins
  15 jackals
  5 quokkas
  3 ball pythons
  2 giant gecko skeletons (D:4)
  2 giant newts (D:5)
  2 jackal zombies
  12 kobolds
  A quokka skeleton (D:5)
  2 quokka zombies
  6 rats
  A withered plant (D:5)
273 creatures vanquished.

Notes
Turn   | Place    | Note
--------------------------------------------------------------
     0 | D:1      | go0n the Minotaur Fighter began the quest for the Orb.
     0 | D:1      | Reached XP level 1. HP: 19/19 MP: 0/0
   279 | D:1      | Reached XP level 2. HP: 23/27 MP: 1/1
   454 | D:1      | Reached XP level 3. HP: 29/33 MP: 2/2
   877 | D:2      | Reached XP level 4. HP: 20/40 MP: 3/3
   945 | D:2      | Noticed Robin
   954 | D:2      | Killed Robin
  1190 | D:2      | Found a bloodstained altar of Trog.
  1199 | D:2      | Found a blossoming altar of Fedhas.
  1212 | D:2      | Found a shimmering altar of Xom.
  1402 | D:2      | Noticed Crazy Yiuf
  1413 | D:2      | Killed Crazy Yiuf
  1413 | D:2      | Reached XP level 5. HP: 11/47 MP: 4/4
  2520 | D:3      | Reached skill level 5 in Axes
  2520 | D:3      | Reached skill level 5 in Shields
  2545 | D:3      | Noticed Jessica
  2549 | D:3      | Killed Jessica
  2750 | D:4      | Reached skill level 5 in Fighting
  2761 | D:4      | Reached XP level 6. HP: 39/56 MP: 5/5
  3036 | D:4      | Found Wapsog's Antique Weapon Shoppe.
  3096 | D:4      | Bought a fine battleaxe for 195 gold pieces
  3102 | D:4      | Identified the +10 battleaxe "Ogrebane" {chop, rC+ Str+7} (You bought it in a shop on level 4 of the Dungeon)
  3402 | D:4      | Got a scorched leather armour
  3415 | D:4      | Identified the cursed +0 leather armour of Joegh {Str+4} (You found it on level 4 of the Dungeon)
  3555 | D:4      | Reached skill level 1 in Dodging
  3794 | D:5      | Entered Level 5 of the Dungeon
  3796 | D:5      | Noticed a sky beast
  3806 | D:5      | Reached XP level 7. HP: 43/61 MP: 6/6
  4224 | D:5      | Found a sacrificial altar of Ru.
  4656 | D:5      | Noticed Zekeros1's ghost (novice MiMo)
  4671 | D:5      | Killed Zekeros1's ghost
  4671 | D:5      | Reached XP level 8. HP: 47/71 MP: 7/7
  4718 | D:5      | Reached skill level 5 in Dodging
  4975 | D:6      | Found a staircase to the Ecumenical Temple.
  5016 | Temple   | Entered the Ecumenical Temple
  5040 | Temple   | Became a worshipper of Warmaster Okawaru
  5081 | D:6      | Gained mutation: Your mind is acute. (Int +2) [mutagenic meat]
  5082 | D:6      | Gained mutation: Your flesh is cold resistant. [mutagenic meat]
  5083 | D:6      | Gained mutation: Your muscles are strong. (Str +2) [mutagenic meat]
  5084 | D:6      | Gained mutation: Armour fits poorly on your strangely shaped body. [mutagenic meat]
  5085 | D:6      | Gained mutation: Your body sometimes deteriorates upon taking damage. [mutagenic meat]
  5086 | D:6      | Gained mutation: You occasionally shout uncontrollably at your foes. [mutagenic meat]
  5339 | D:6      | Reached * piety under Okawaru
  5339 | D:6      | Reached XP level 9. HP: 47/79 MP: 8/8
  5345 | D:6      | Reached skill level 10 in Axes
  5559 | D:6      | Noticed Grinder
  5561 | D:6      | Killed Grinder
  5751 | D:6      | Reached ** piety under Okawaru
  6002 | D:6      | Noticed Dowan
  6004 | D:6      | Noticed Duvessa
  6009 | D:6      | Killed Duvessa
  6025 | D:6      | Killed Dowan
  6231 | D:7      | Reached XP level 10. HP: 90/90 MP: 9/9
  6271 | D:7      | Got a fine leather armour
  6284 | D:7      | Identified the +2 leather armour "Piexik" {MR+ MP+9 Slay+3} (You found it on level 7 of the Dungeon)
  6312 | D:7      | Reached *** piety under Okawaru
  6891 | D:8      | Noticed Joseph
  6902 | D:8      | Killed Joseph
  7023 | D:8      | Noticed Psyche
  7302 | D:8      | Noticed Maurice
  7342 | D:8      | Killed Psyche
  7342 | D:8      | Reached skill level 10 in Dodging
  7372 | D:8      | Killed Maurice
  7520 | D:8      | Found an oddly glowing altar of Pakellas.
  7520 | D:8      | Noticed a cyan ugly thing
  7581 | D:8      | Reached **** piety under Okawaru
  7969 | D:9      | Reached skill level 10 in Fighting
  8248 | D:10     | Entered Level 10 of the Dungeon
  8251 | D:10     | Noticed a hill giant
  8257 | D:10     | Killed a hill giant
  8257 | D:10     | Reached ***** piety under Okawaru
  8263 | D:10     | Reached XP level 11. HP: 73/100 MP: 10/10
  8338 | D:10     | Got a bloodstained flail
  8589 | D:10     | Gained mutation: Your mind is very acute. (Int +4) [potion of mutation]
  8589 | D:10     | Lost mutation: Your flesh is cold resistant. [potion of mutation]
  8909 | D:11     | Noticed bananaglory's ghost (novice TeHu)
  8926 | D:11     | Killed bananaglory's ghost
  9257 | D:11     | Noticed Erica
  9262 | D:11     | Killed Erica
  9288 | D:11     | Noticed Harold
  9296 | D:11     | Killed Harold
  9296 | D:11     | Received a gift from Okawaru
  9376 | D:11     | Killed from afar by an efreet

Skill      XL: |  1  2  3  4  5  6  7  8  9 10 11 |
---------------+----------------------------------+-----
Shields        | 4 5 |  5.5
Axes           | 3 4 5 6 8 9 11 12 | 12.9
Fighting       | 4 5 6 7 8 10 11 | 11.0
Dodging        | 2 4 6 8 11 12 | 12.3
Armour         | |  3.7

Action                   |  1- 3 |  4- 6 |  7- 9 | 10-12 || total
-------------------------+-------+-------+-------+-------++-------
Melee: War axe           |    70 |    87 |       |       ||   157
       Headbutt          |    10 |    25 |    29 |    40 ||   104
       Hand axe          |       |    66 |       |       ||    66
       Battleaxe         |       |    32 |   139 |   170 ||   341
Evoke: Wand              |       |       |       |     1 ||     1
  Use: Potion            |       |     1 |    11 |     4 ||    16
       Scroll            |       |       |    10 |     5 ||    15
  Eat: Chunk             |       |     5 |     7 |     1 ||    13
       Bread ration      |       |     1 |       |       ||     1
       Royal jelly       |       |       |     1 |       ||     1
       Meat ration       |       |       |     1 |     2 ||     3
       Beef jerky        |       |       |       |     1 ||     1
Armor: Scale mail        |    37 |       |       |       ||    37
       Ring mail         |     9 |    54 |       |       ||    63
       Leather armour    |       |     6 |    34 |    50 ||    90
       Skin              |       |       |       |     1 ||     1
Dodge: Dodged            |    26 |    53 |    78 |   102 ||   259
Block: Shield            |    50 |    75 |       |       ||   125
